 Dungeon Crawl Stone Soup version 0.19.0-19-g8c6edcc (webtiles) character file.

1836 Lochraine the Caller (level 8, -4/60 HPs)
             Began as a Mummy Summoner on Nov 12, 2016.
             Was an Initiate of Gozag.
             Slain by an orc warrior
             ... wielding a +0 long sword
              (16 damage)
             ... on level 6 of the Dungeon.
             The game lasted 00:32:12 (12486 turns).

Lochraine the Caller (Mummy Summoner)              Turns: 12486, Time: 00:32:13

Health: -4/60      AC:  3    Str: 11    XL:     8   Next: 87%
Magic:  6/14       EV: 12    Int: 21    God:    Gozag
Gold:   584        SH:  5    Dex: 15    Spells: 4 memorised, 6 levels left

rFire  x . .     SeeInvis .     g - +8 whip of Wopewar {drain, Fragile Int+4 Dex+3}
rCold  + . .     Gourm    .     A - +0 robe
rNeg   + + +     Faith    .     m - +0 buckler
rPois  ∞         Spirit   .     z - +0 helmet
rElec  .         Reflect  .     (no cloak)
rCorr  .         Harm     .     (no gloves)
MR     +....                    (no boots)
Stlth  +++.......               l - amulet of magic regeneration
                                n - ring of stealth
                                (no ring)

@: gold aura
A: no food or potions, fire vulnerability, cold resistance 1, negative energy
resistance 3, torment resistance, unbreathing
a: Potion Petition, Call Merchant, Bribe Branch, Renounce Religion


You were on level 6 of the Dungeon.
You worshipped Gozag.
Gozag was pleased with you.
You were not hungry.

You visited 1 branch of the dungeon, and saw 7 of its levels.

You collected 656 gold pieces.
You paid 72 gold pieces to Gozag.

Inventory:

Hand Weapons
 a - a +1 spear of freezing
 b - a +2 hunting sling of freezing
 d - a +0 dagger
 g - the +8 whip of Wopewar (weapon) {drain, Fragile Int+4 Dex+3}
   (You found it on level 7 of the Dungeon)

   A truly terrible weapon, it drains the life of those it strikes.
   It affects your intelligence (+4).
   It affects your dexterity (+3).
   It will be destroyed if unequipped.
 t - a +0 short sword
 x - a cursed -1 halberd
Missiles
 c - 206 stones (quivered)
 h - 4 javelins
 y - 24 sling bullets
Armour
 f - a +0 scale mail
 j - a +0 leather armour
 m - a +0 buckler (worn)
 z - a +0 helmet (worn)
 A - a +0 robe (worn)
Jewellery
 l - an amulet of magic regeneration (around neck)
 n - a ring of stealth (right hand)
Wands
 s - a wand of random effects (23/48)
 w - a wand of lightning (6/15)
 C - a wand of lightning (4/15)
Scrolls
 e - 3 scrolls of remove curse
 i - 6 scrolls of random uselessness {unknown}
 k - 4 scrolls of identify
 o - a scroll of immolation
 q - a scroll of magic mapping {unknown}
 r - a scroll of enchant armour {unknown}
 u - a scroll of teleportation {unknown}
 v - a scroll of fog {unknown}
 B - a scroll of enchant weapon {unknown}
Books
 p - a book of Callings

   Spells                             Type                      Level
   a - Summon Small Mammal            Summoning                    1
   b - Call Imp                       Summoning                    2
   c - Call Canine Familiar           Summoning                    3
   d - Summon Guardian Golem          Hexes/Summoning              3
   e - Summon Lightning Spire         Summoning/Air                4
   f - Summon Ice Beast               Ice/Summoning                4


   Skills:
 + Level 4.0 Fighting
 - Level 3.0 Polearms
 - Level 1.5 Dodging
 - Level 1.5 Stealth
 - Level 4.0 Shields
 - Level 4.3 Spellcasting
 * Level 7.0 Summonings


You had 6 spell levels left.
You knew the following spells:

 Your Spells              Type           Power        Failure   Level  Hunger
a - Summon Small Mammal   Summ           ####         1%          1    N/A
b - Call Imp              Summ           ####....     1%          2    N/A
c - Call Canine Familiar  Summ           ####....     1%          3    N/A
d - Summon Guardian Gole  Hex/Summ       ###.....     10%         3    N/A

Dungeon Overview and Level Annotations

Branches:
Dungeon (7/15)             Temple (0/1) D:7

Altars:
Ashenzari
Elyvilon
Gozag
Makhleb
Nemelex Xobeh
Qazlal
Trog
Zin

Annotations:
D:7 Pikel


Innate Abilities, Weirdness & Mutations

You do not eat or drink.
Your flesh is vulnerable to fire.
You are immune to poison.
Your flesh is cold resistant. (rC+)
You are immune to negative energy. (rN+++)
You are immune to unholy pain and torment.
You can survive without breathing.


Message History

Your hound bites the orc warrior but does no damage.
Your white imp closely misses the sky beast.
You climb upwards.
Your summoned allies are left behind.
There is a stone staircase leading down here.
You see here 9 arrows.
As you read the scroll labeled NIOKKE NITRIUTOF, it crumbles to dust.
The creatures around you are filled with an inner flame!
It was a scroll of immolation.
You block the hound's attack.
The sky beast flickers out of sight!
Something hits you.
* * * LOW HITPOINT WARNING * * *
Something shocks you.
* * * LOW HITPOINT WARNING * * *
You block the orc warrior's attack. You block the hound's attack.
A sky beast appears from thin air!
Reactivating autopickup.
The sky beast barely misses you.
You see here an arrow.
The orc warrior hits you with a long sword!
You die...
Your body crumbles into a pile of gold.

.........#.# #.# #.#
#.......... .#######...#
#.# #.###.......### .#
##### #.####.).........#
.# #.....[#.........# .#
#####.###[.......# .#
####.#.#.......# .#
###########>Y).[..[......#
)##
#..........oh...##########
..####.#########@#####
.......# #.# <.######
#####.# .....# #.....#
####.# #.##### #.# #.# #.#
#.# #.# #.# #.# #.#


You could see an orc warrior (inner flame), a sky beast (inner flame) and a
hound (inner flame).

Vanquished Creatures
  An ice beast (D:7)
  An orc warrior (D:6)
  3 phantoms
  3 centaurs
  2 bullfrogs
  A scorpion (D:5)
  2 orc priests
  A centaur skeleton (D:4)
  An iguana (D:6)
  An orc wizard (D:6)
  2 adders (D:3)
  3 gnolls (D:4)
  A shadow imp (D:6)
  An ooze (D:1)
  2 worms (D:2)
  2 dart slugs
  4 leopard geckos (D:3)
  27 orcs
  5 giant cockroaches
  11 goblins
  2 hobgoblins
  3 jackals
  19 kobolds
  5 quokkas
  7 bats
  2 frilled lizards
  A leopard gecko skeleton (D:5)
  7 rats
120 creatures vanquished.

Vanquished Creatures (collateral kills)
  A shadow (D:6)
  Menkaure (D:6)
  An ice beast (D:5)
  A black bear (D:3)
  A sky beast (D:5)
  A phantom (D:4)
  An ogre (D:6)
  2 bullfrogs
  2 crimson imps
  A bullfrog zombie (D:7)
  A jelly (D:5)
  4 orc wizards
  A centaur skeleton (D:5)
  2 iguanas
  2 worker ants
  6 gnolls
  7 adders
  2 oozes
  3 worms (D:2)
  3 leopard geckos
  9 orcs
  A bat (D:2)
  2 goblins
  A hobgoblin (D:3)
  5 jackals
  2 quokkas
  A ball python (D:2)
  A kobold (D:1)
  2 rats (D:1)
67 creatures vanquished.

Vanquished Creatures (others)
  An orc (D:7)
  A jackal (D:7)
  A plant (D:3)
3 creatures vanquished.

Grand Total: 190 creatures vanquished

Notes
Turn   | Place    | Note
-------+----------+-------------------------------------------
     0 | D:1      | Lochraine the Mummy Summoner began the quest for the Orb.
     0 | D:1      | Reached XP level 1. HP: 13/13 MP: 3/3
   272 | D:1      | Reached XP level 2. HP: 19/19 MP: 3/5
   725 | D:1      | Learned a level 2 spell: Call Imp
  1023 | D:1      | Reached XP level 3. HP: 10/24 MP: 6/6
  2172 | D:2      | Reached skill level 4 in Summonings
  2729 | D:2      | Found a white marble altar of Elyvilon.
  2778 | D:2      | Reached XP level 4. HP: 25/30 MP: 3/8
  2919 | D:2      | Noticed a moth of wrath
  2922 | D:2      | Found a bloodstained altar of Trog.
  3607 | D:3      | Noticed a black bear
  3627 | D:3      | Killed a black bear
  3627 | D:3      | Reached skill level 1 in Shields
  3627 | D:3      | Reached XP level 5. HP: 13/35 MP: 5/9
  4955 | D:3      | HP: 1/35 [iguana (7)]
  5776 | D:4      | Noticed a phantom
  5825 | D:4      | Killed a phantom
  5825 | D:4      | Reached skill level 5 in Summonings
  5825 | D:4      | Reached XP level 6. HP: 33/41 MP: 7/11
  6595 | D:4      | Learned a level 3 spell: Call Canine Familiar
  6754 | D:4      | HP: 1/41 [centaur/arrow (10)]
  7513 | D:4      | Noticed an angel
  7515 | D:4      | Found a glowing silver altar of Zin.
  7639 | D:4      | Reached XP level 7. HP: 15/46 MP: 9/13
  7878 | D:5      | Entered Level 5 of the Dungeon
  8177 | D:5      | Found a stormy altar of Qazlal.
  8291 | D:5      | Reached skill level 6 in Summonings
  8374 | D:5      | Found a burning altar of Makhleb.
  8374 | D:5      | Found a sparkling altar of Nemelex Xobeh.
  8489 | D:5      | Found an opulent altar of Gozag.
  8492 | D:5      | Became a worshipper of Gozag Ym Sagoz the Greedy
  8636 | D:5      | Reached skill level 1 in Fighting
  8922 | D:5      | Reached skill level 1 in Polearms
  9062 | D:5      | Reached XP level 8. HP: 54/54 MP: 12/14
  9084 | D:5      | Found an opulent altar of Gozag.
 10486 | D:6      | Found a shattered altar of Ashenzari.
 11271 | D:7      | Found a staircase to the Ecumenical Temple.
 11271 | D:7      | Noticed Pikel
 11837 | D:7      | Got an encrusted whip
 11838 | D:7      | Identified the +8 whip of Wopewar {drain, Fragile Int+4 Dex+3} (You found it on level 7 of the Dungeon)
 12096 | D:7      | Noticed Menkaure
 12122 | D:6      | Killed Menkaure
 12454 | D:6      | Learned a level 3 spell: Summon Guardian Golem
 12481 | D:7      | Reached skill level 7 in Summonings
 12486 | D:6      | Slain by an orc warrior

Skill      XL: |  1  2  3  4  5  6  7  8 |
---------------+-------------------------+-----
Summonings     | 4 5 6 7 |  7.0
Spellcasting   | 3 4 |  4.3
Shields        | 1 2 3 4 |  4.0
Fighting       | 1 4 |  4.0
Polearms       | 1 3 |  3.0
Dodging        | |  1.5
Stealth        | |  1.5

Action                   |  1- 3 |  4- 6 |  7- 9 || total
-------------------------+-------+-------+-------++-------
Melee: Dagger            |     8 |       |       ||     8
       Short sword       |   145 |    33 |       ||   178
       Unarmed           |     3 |       |       ||     3
       Spear             |       |    21 |   177 ||   198
       Whip              |       |       |    23 ||    23
 Fire: Hunting sling     |       |   190 |    14 ||   204
Throw: Stone             |     4 |       |       ||     4
 Cast: Summon Small Mamm |    19 |     4 |       ||    23
       Call Imp          |     8 |    33 |    48 ||    89
       Call Canine Famil |       |     9 |    33 ||    42
       Summon Guardian G |       |       |     1 ||     1
Evoke: Wand              |       |       |     2 ||     2
  Use: Scroll            |       |     7 |     4 ||    11
 Stab: Sleeping          |     1 |     1 |     6 ||     8
       Distracted        |     1 |     1 |     2 ||     4
Armor: Robe              |    41 |     7 |     1 ||    49
       Leather armour    |       |    13 |    24 ||    37
       Scale mail        |       |       |     3 ||     3
Dodge: Dodged            |   116 |    74 |   103 ||   293
Block: Buckler           |    21 |    26 |    31 ||    78
